Golden Knights vs Coyotes
(R1)
Created - November 13, 2019 at 19:56
Goals
|
Golden Knights |
0 |
1 |
1 |
2 |
Coyotes |
0 |
2 |
1 |
3 |
|
Shots
|
Golden Knights |
16 |
10 |
10 |
36 |
Coyotes |
12 |
10 |
10 |
32 |
|
1st period
No Goal
Penalties :
Tim Connolly (Vgs) for Holding (Minor) at 2:48, Marian Gaborik (Ari) for Tripping (Minor) at 9:14, Andrei Loktionov (Vgs) for Interference (Minor) at 14:04
2nd period
1. Golden Knights , Zach Bogosian 4 (Chris Higgins 6, Andrei Loktionov 7) at 0:20
2. Coyotes , Marian Gaborik 8 (Nick Bonino 1) at 2:10
3. Coyotes , Ramzi Abid 1 (Josh Gorges 2, Tyler Ennis 6) at 16:13
Penalties :
Zach Parise (Ari) for Cross-checking (Minor) at 5:33, Tyler Ennis (Ari) for Holding (Minor) at 13:58, Alex Tanguay (Vgs) for Hooking (Minor) at 18:51
3rd period
4. Golden Knights , Chris Higgins 5 (Andrei Loktionov 8, Michael Frolik 8) at 3:53
5. Coyotes , Marian Gaborik 9 (Nazem Kadri 10, Tyler Ennis 7) at 16:29 (PP)
Penalties :
Mathew Dumba (Vgs) for Hooking (Minor) at 16:11, Matt Donovan (Ari) for Hooking (Minor) at 17:36
Goalie Stats
Robin Lehner (Vgs), 29 saves from 32 shots - (0.906), L, 2-4-0, 60:00 minutes
Maxime Daigneault (Ari), 34 saves from 36 shots - (0.944), W, 5-2-1, 60:00 minutes
Players Stats for Golden Knights
Player Name G A P +/- PIM S H SB GA TA FO MP PP MP PK MP
------------------------------------------------------------------------------------
Alex Tanguay 0 0 0 -1 2 3 2 0 0 0 1/1 11:32 0:01 0:26
Andrei Loktionov 0 2 2 1 2 4 2 0 2 0 8/14 17:15 4:06 0:58
Brad Richardson 0 0 0 -1 0 0 0 0 1 0 0/0 11:00 0:01 0:00
Brandon Bollig 0 0 0 0 0 2 0 0 0 0 0/0 7:45 0:01 0:00
Chris Higgins 1 1 2 1 0 3 1 0 2 0 1/1 16:43 4:06 0:20
Ilya Kovalchuk 0 0 0 0 0 5 1 0 0 0 2/2 20:38 3:49 0:47
Jakub Kindl 0 0 0 0 0 1 0 0 0 0 0/0 11:09 0:00 0:00
Jared Cowen 0 0 0 1 0 2 0 2 0 0 0/0 25:28 4:29 2:11
Mathew Dumba 0 0 0 0 2 0 2 1 0 1 0/0 16:35 0:00 0:14
Michael Frolik 0 1 1 2 0 1 0 1 1 1 0/0 17:58 3:49 2:04
Michael Kostka 0 0 0 -1 0 0 1 0 0 0 0/0 21:28 3:27 2:11
Patrice Cormier 0 0 0 0 0 3 2 1 0 0 4/6 8:22 0:00 2:04
Scottie Upshall 0 0 0 0 0 0 0 0 3 0 0/0 6:37 0:00 0:00
Tim Connolly 0 0 0 0 2 2 0 1 1 0 21/32 22:18 3:49 2:26
Vincent Lecavalier 0 0 0 -1 0 1 1 1 0 1 3/7 9:15 0:00 0:00
Vladimir Mihalik 0 0 0 -1 0 0 1 1 0 0 0/0 18:39 3:27 3:50
Zach Bogosian 1 0 1 1 0 7 2 2 0 0 0/0 27:00 4:29 4:04
Zack Kassian 0 0 0 -1 0 2 1 0 0 0 0/1 23:59 4:06 3:25
Players Stats for Coyotes
Player Name G A P +/- PIM S H SB GA TA FO MP PP MP PK MP
------------------------------------------------------------------------------------
Andrew MacDonald 0 0 0 0 0 0 0 3 0 1 0/0 9:07 0:00 5:10
Anton Stralman 0 0 0 -1 0 1 1 1 1 3 0/0 18:54 0:00 2:46
Brad Richards 0 0 0 -1 0 2 0 1 0 2 10/19 20:54 2:54 4:17
Chris Stewart 0 0 0 -1 0 3 0 0 0 0 0/1 16:38 2:54 0:00
Eric Tangradi 0 0 0 1 0 0 0 0 0 0 0/0 7:32 0:00 1:42
Evgeny Artyukhin 0 0 0 0 0 1 1 2 0 0 0/0 12:24 0:00 0:00
Jamie Arniel 0 0 0 1 0 0 0 0 0 0 3/8 13:50 0:00 1:52
Josh Gorges 0 1 1 1 0 1 0 2 0 1 0/0 19:37 0:00 5:10
Kristopher Letang 0 0 0 -2 0 2 1 0 0 0 0/0 24:59 2:55 2:46
Marian Gaborik 2 0 2 0 2 8 1 3 0 0 0/2 21:27 3:21 0:00
Matt Donovan 0 0 0 1 2 1 2 0 0 0 0/0 15:24 3:20 0:00
Michael Del Zotto 0 0 0 0 0 0 1 1 0 1 0/0 17:08 2:55 0:00
Nazem Kadri 0 1 1 -1 0 1 3 1 0 1 10/28 19:29 3:21 1:11
Nick Bonino 0 1 1 1 0 1 0 0 0 0 1/4 5:10 0:00 0:00
Ramzi Abid 1 0 1 1 0 3 0 0 0 0 0/0 14:12 0:00 2:18
Thomas Hickey 0 0 0 1 0 2 2 0 0 1 0/0 15:24 3:20 0:00
Tyler Ennis 0 2 2 0 2 3 1 0 0 0 0/1 20:09 3:21 1:14
Zach Parise 0 0 0 -1 2 3 1 0 2 0 0/1 19:42 2:54 3:18
3 Stars
1 - Marian Gaborik (Ari)
2 - Chris Higgins (Vgs)
3 - Maxime Daigneault (Ari)
Power Play
Golden Knights - 0 on 4 Attempt(s) - 0.00%
Coyotes - 1 on 4 Attempt(s) - 25.00%
Penalty Kill
Golden Knights - 3 on 4 Attempt(s) - 75.00%
- Score 0 goal in Penalty Kill
Coyotes - 4 on 4 Attempt(s) - 100.00%
- Score 0 goal in Penalty Kill
Team Stat
Golden Knights - Hits : 16 - Faceoff Wins : 40 - Blocked Shots : 10 - Penalty Minutes : 8
Coyotes - Hits : 14 - Faceoff Wins : 24 - Blocked Shots : 14 - Penalty Minutes : 8
Official
Referees : Unknown
Linesman : Unknown
Game Notes
No Game Note
Finance
Level 1 -- Attendance: 6000 (100.00%) -- Ticket Income $630,000
Level 2 -- Attendance: 4439 (88.78%) -- Ticket Income $301,852
Level 3 -- Attendance: 1930 (96.50%) -- Ticket Income $77,200
Level 4 -- Attendance: 4000 (100.00%) -- Ticket Income $120,000
Luxury Box -- Attendance: 928 (92.80%) -- Ticket Income $167,040
Game was played at the The Pack Center.
Total Attendance: 17297 (96.09%)
Total Ticket Income: $1,296,092
Other Income: $194,414
Total Income: $1,490,506
Golden Knights
5 vs 5 Forward
Center Left Wing Right Wing Time % Phy DF OF
1 Tim Connolly Ilya Kovalchuk Zack Kassian 40 1 2 2
2 Andrei Loktionov Chris Higgins Michael Frolik 30 1 2 2
3 Vincent Lecavalier Alex Tanguay Brad Richardson 20 1 2 2
4 Patrice Cormier Brandon Bollig Scottie Upshall 10 1 2 2
5 vs 5 Defense
Defense Defense Time % Phy DF OF
1 Zach Bogosian Jared Cowen 40 1 2 2
2 Michael Kostka Mathew Dumba 30 1 2 2
3 Jakub Kindl Vladimir Mihalik 20 1 2 2
4 Zach Bogosian Jared Cowen 10 1 2 2
PowerPlay Forward
Center Left Wing Right Wing Time % Phy DF OF
1 Andrei Loktionov Chris Higgins Zack Kassian 50 1 2 2
2 Tim Connolly Ilya Kovalchuk Michael Frolik 50 1 2 2
PowerPlay Defense
Defense Defense Time % Phy DF OF
1 Zach Bogosian Jared Cowen 50 1 2 2
2 Michael Kostka Vladimir Mihalik 50 1 2 2
Penalty Kill 4 Players Forward
Center Wing Time % Phy DF OF
1 Tim Connolly Zack Kassian 60 1 2 2
2 Patrice Cormier Michael Frolik 40 1 2 2
Penalty Kill 4 Players Defense
Defense Defense Time % Phy DF OF
1 Zach Bogosian Vladimir Mihalik 60 1 2 2
2 Michael Kostka Jared Cowen 40 1 2 2
Penalty Kill - 3 Players Forward
Forward Time % Phy DF OF
1 Tim Connolly 70 1 2 2
2 Zack Kassian 30 1 2 2
Penalty Kill - 3 Players Defense
Defense Defense Time % Phy DF OF
1 Zach Bogosian Michael Kostka 70 1 2 2
2 Jared Cowen Jakub Kindl 30 1 2 2
4 vs 4 Forward
Center Wing Time % Phy DF OF
1 Tim Connolly Michael Frolik 50 1 2 2
2 Vincent Lecavalier Brandon Bollig 50 1 2 2
4 vs 4 Defense
Defense Defense Time % Phy DF OF
1 Zach Bogosian Michael Kostka 50 1 2 2
2 Mathew Dumba Jared Cowen 50 1 2 2
Last Minutes Offensive
Center Left Wing Right Wing Defense Defense
Andrei Loktionov Chris Higgins Michael Frolik Zach Bogosian Mathew Dumba
Last Minutes Defensive
Center Left Wing Right Wing Defense Defense
Tim Connolly Ilya Kovalchuk Zack Kassian Michael Kostka Jared Cowen
Goaltenders
Starting : Robin Lehner
Backup : Matt Hackett
Extra Forwards
Normal : Alex Tanguay, Scottie Upshall, Brad Richardson - PP : Alex Tanguay, Michael Frolik - PK : Ilya Kovalchuk
Extra Defensemen
Normal : Zach Bogosian, Mathew Dumba, Vladimir Mihalik - PP : Zach Bogosian - PK : Jared Cowen, Michael Kostka
Penalty Shots
Ilya Kovalchuk, Michael Frolik, Vincent Lecavalier, Chris Higgins, Scottie Upshall
Scratches
None
Coyotes
5 vs 5 Forward
Center Left Wing Right Wing Time % Phy DF OF
1 Nazem Kadri Tyler Ennis Marian Gaborik 40 0 2 3
2 Brad Richards Zach Parise Chris Stewart 30 0 2 3
3 Jamie Arniel Ramzi Abid Evgeny Artyukhin 20 1 2 2
4 Nick Bonino Eric Tangradi Marian Gaborik 10 1 2 2
5 vs 5 Defense
Defense Defense Time % Phy DF OF
1 Kristopher Letang Anton Stralman 40 0 3 2
2 Josh Gorges Michael Del Zotto 30 0 3 2
3 Matt Donovan Thomas Hickey 22 0 3 2
4 Andrew MacDonald Kristopher Letang 8 0 3 2
PowerPlay Forward
Center Left Wing Right Wing Time % Phy DF OF
1 Nazem Kadri Tyler Ennis Marian Gaborik 60 0 1 4
2 Brad Richards Zach Parise Chris Stewart 40 0 1 4
PowerPlay Defense
Defense Defense Time % Phy DF OF
1 Kristopher Letang Michael Del Zotto 60 0 2 3
2 Thomas Hickey Matt Donovan 40 0 2 3
Penalty Kill 4 Players Forward
Center Wing Time % Phy DF OF
1 Brad Richards Zach Parise 60 1 3 1
2 Jamie Arniel Ramzi Abid 40 1 3 1
Penalty Kill 4 Players Defense
Defense Defense Time % Phy DF OF
1 Josh Gorges Andrew MacDonald 60 1 4 0
2 Kristopher Letang Anton Stralman 40 1 4 0
Penalty Kill - 3 Players Forward
Forward Time % Phy DF OF
1 Tyler Ennis 60 1 3 1
2 Marian Gaborik 40 1 3 1
Penalty Kill - 3 Players Defense
Defense Defense Time % Phy DF OF
1 Kristopher Letang Anton Stralman 60 1 4 0
2 Josh Gorges Michael Del Zotto 40 1 4 0
4 vs 4 Forward
Center Wing Time % Phy DF OF
1 Nazem Kadri Tyler Ennis 60 0 2 3
2 Brad Richards Marian Gaborik 40 0 2 3
4 vs 4 Defense
Defense Defense Time % Phy DF OF
1 Kristopher Letang Anton Stralman 60 0 3 2
2 Josh Gorges Michael Del Zotto 40 0 3 2
Last Minutes Offensive
Center Left Wing Right Wing Defense Defense
Nazem Kadri Tyler Ennis Marian Gaborik Kristopher Letang Michael Del Zotto
Last Minutes Defensive
Center Left Wing Right Wing Defense Defense
Brad Richards Zach Parise Marian Gaborik Josh Gorges Anton Stralman
Goaltenders
Starting : Maxime Daigneault
Backup : Thomas McCollum
Extra Forwards
Normal : Jamie Arniel, Evgeny Artyukhin, Ramzi Abid - PP : Jamie Arniel, Evgeny Artyukhin - PK : Tyler Ennis
Extra Defensemen
Normal : Andrew MacDonald, Thomas Hickey, Matt Donovan - PP : Anton Stralman - PK : Thomas Hickey, Andrew MacDonald
Penalty Shots
Tyler Ennis, Marian Gaborik, Zach Parise, Nazem Kadri, Brad Richards
Scratches
Martin Samuelsson (Suspend), Mike Weber (Healthy)
% Time on Ice - Golden Knights
Lines # - Real PCT - Wanted PCT - Time Play
Normal Forward
1 - 36% - 40% - 16:28
2 - 30% - 30% - 13:43
3 - 20% - 20% - 9:15
4 - 14% - 10% - 6:17
Normal Defense
1 - 39% - 40% - 17:41
2 - 35% - 30% - 15:50
3 - 24% - 20% - 11:09
4 - 2% - 10% - 1:03
PP Forward
1 - 52% - 50% - 4:06
2 - 48% - 50% - 3:50
PP Defense
1 - 57% - 50% - 4:29
2 - 43% - 50% - 3:27
PK Forward
1 - 67% - 60% - 4:11
2 - 33% - 40% - 2:04
PK Defense
1 - 65% - 60% - 4:04
2 - 35% - 40% - 2:11
PK3 Forward
1 - 0% - 70%
2 - 0% - 30%
PK3 Defense
1 - 0% - 70%
2 - 0% - 30%
44 Forward
1 - 0% - 50%
2 - 0% - 50%
44 Defense
1 - 0% - 50%
2 - 0% - 50%
Last Minute Offensive - 0:06
Last Minute Defensive - 0:00
Total
Forward - 60:00
Defense - 60:00
|
% Time on Ice - Coyotes
Lines # - Real PCT - Wanted PCT - Time Play
Normal Forward
1 - 34% - 40% - 15:28
2 - 30% - 30% - 13:35
3 - 25% - 20% - 11:33
4 - 11% - 10% - 5:10
Normal Defense
1 - 36% - 40% - 16:30
2 - 34% - 30% - 15:29
3 - 23% - 22% - 10:25
4 - 7% - 8% - 3:22
PP Forward
1 - 54% - 60% - 3:21
2 - 46% - 40% - 2:54
PP Defense
1 - 47% - 60% - 2:55
2 - 53% - 40% - 3:20
PK Forward
1 - 76% - 60% - 6:04
2 - 24% - 40% - 1:52
PK Defense
1 - 65% - 60% - 5:10
2 - 35% - 40% - 2:46
PK3 Forward
1 - 0% - 60%
2 - 0% - 40%
PK3 Defense
1 - 0% - 60%
2 - 0% - 40%
44 Forward
1 - 0% - 60%
2 - 0% - 40%
44 Defense
1 - 0% - 60%
2 - 0% - 40%
Last Minute Offensive - 0:00
Last Minute Defensive - 0:03
Total
Forward - 60:00
Defense - 60:00
|
Play-by-Play
1st period
0:01 of 1st period - Tim Connolly wins face-off versus Nazem Kadri in neutral zone.
0:39 of 1st period - Anton Stralman is hit by Zach Bogosian and loses puck.
0:54 of 1st period - Slapshot by Zach Bogosian.
0:54 of 1st period - Stopped by Maxime Daigneault with a rebound.
1:00 of 1st period - Wrist shot by Vincent Lecavalier.
1:00 of 1st period - Stopped by Maxime Daigneault without a rebound.
1:01 of 1st period - Patrice Cormier wins face-off versus Nick Bonino in Coyotes zone.
1:35 of 1st period - Icing by Mathew Dumba.
1:36 of 1st period - Nazem Kadri wins face-off versus Tim Connolly in Golden Knights zone.
1:49 of 1st period - Wrist shot by Zack Kassian.
1:49 of 1st period - Shot Misses the Net.
1:51 of 1st period - Wrist shot by Ilya Kovalchuk.
1:51 of 1st period - Shot Blocked by Michael Del Zotto.
1:57 of 1st period - Wrist shot by Ilya Kovalchuk.
1:57 of 1st period - Stopped by Maxime Daigneault without a rebound.
1:58 of 1st period - Andrei Loktionov wins face-off versus Brad Richards in Coyotes zone.
2:07 of 1st period - Snap shot by Andrei Loktionov.
2:07 of 1st period - Deflect By Chris Stewart.
2:07 of 1st period - Stopped by Maxime Daigneault with a rebound.
2:48 of 1st period - Minor Penalty to Tim Connolly for Holding.
2:49 of 1st period - Ilya Kovalchuk wins face-off versus Nazem Kadri in Golden Knights zone.
3:06 of 1st period - Marian Gaborik is hit by Zack Kassian and loses puck.
4:48 of 1st period - Penalty to Tim Connolly is over, Tim Connolly is back on ice.
4:56 of 1st period - Snap shot by Zack Kassian.
4:56 of 1st period - Shot Misses the Net.
5:31 of 1st period - Vincent Lecavalier is hit by Evgeny Artyukhin and loses puck.
5:44 of 1st period - Wrist shot by Patrice Cormier.
5:44 of 1st period - Stopped by Maxime Daigneault without a rebound.
5:45 of 1st period - Patrice Cormier wins face-off versus Nazem Kadri in Coyotes zone.
6:34 of 1st period - Kristopher Letang is hit by Patrice Cormier and loses puck.
7:03 of 1st period - Jakub Kindl is hit by Thomas Hickey and loses puck.
7:55 of 1st period - Wrist shot by Zach Parise.
7:55 of 1st period - Deflect By Chris Stewart.
7:55 of 1st period - Shot Blocked by Zach Bogosian.
7:55 of 1st period - Puck is out of play.
7:56 of 1st period - Brad Richards wins face-off versus Tim Connolly in Golden Knights zone.
8:01 of 1st period - Snap shot by Zach Parise.
8:01 of 1st period - Stopped by Robin Lehner without a rebound.
8:02 of 1st period - Brad Richards wins face-off versus Tim Connolly in Golden Knights zone.
8:15 of 1st period - Wrist shot by Tim Connolly.
8:15 of 1st period - Stopped by Maxime Daigneault without a rebound.
8:16 of 1st period - Tim Connolly wins face-off versus Nazem Kadri in Coyotes zone.
8:25 of 1st period - Snap shot by Zack Kassian.
8:25 of 1st period - Shot Misses the Net.
8:51 of 1st period - Slapshot by Zach Parise.
8:51 of 1st period - Stopped by Robin Lehner without a rebound.
8:52 of 1st period - Chris Higgins wins face-off versus Nazem Kadri in Golden Knights zone.
8:52 of 1st period - Chris Higgins is hit by Michael Del Zotto.
9:02 of 1st period - Wrist shot by Andrei Loktionov.
9:02 of 1st period - Stopped by Maxime Daigneault with a rebound.
9:04 of 1st period - Slapshot by Michael Frolik.
9:04 of 1st period - Shot Misses the Net.
9:14 of 1st period - Minor Penalty to Marian Gaborik for Tripping.
9:15 of 1st period - Andrei Loktionov wins face-off versus Brad Richards in Coyotes zone.
9:18 of 1st period - Snap shot by Zach Bogosian.
9:18 of 1st period - Stopped by Maxime Daigneault without a rebound.
9:19 of 1st period - Brad Richards wins face-off versus Andrei Loktionov in Coyotes zone.
9:52 of 1st period - Slapshot by Andrei Loktionov.
9:52 of 1st period - Stopped by Maxime Daigneault with a rebound.
10:02 of 1st period - Slapshot by Chris Higgins.
10:02 of 1st period - Stopped by Maxime Daigneault with a rebound.
10:04 of 1st period - Wrist shot by Andrei Loktionov.
10:04 of 1st period - Shot Blocked by Josh Gorges.
10:06 of 1st period - Slapshot by Jared Cowen.
10:06 of 1st period - Stopped by Maxime Daigneault with a rebound.
10:08 of 1st period - Snap shot by Andrei Loktionov.
10:08 of 1st period - Deflect By Chris Higgins.
10:08 of 1st period - Stopped by Maxime Daigneault with a rebound.
10:10 of 1st period - Wrist shot by Chris Higgins.
10:10 of 1st period - Shot Blocked by Josh Gorges.
10:36 of 1st period - Snap shot by Andrei Loktionov.
10:36 of 1st period - Deflect By Brad Richards.
10:36 of 1st period - Shot Blocked by Andrew MacDonald.
10:36 of 1st period - Puck is out of play.
10:37 of 1st period - Tim Connolly wins face-off versus Jamie Arniel in Coyotes zone.
10:46 of 1st period - Wrist shot by Tim Connolly.
10:46 of 1st period - Stopped by Maxime Daigneault without a rebound.
10:47 of 1st period - Jamie Arniel wins face-off versus Tim Connolly in Coyotes zone.
11:00 of 1st period - Wrist shot by Jamie Arniel.
11:00 of 1st period - Shot Blocked by Tim Connolly.
11:14 of 1st period - Penalty to Marian Gaborik is over, Marian Gaborik is back on ice.
11:23 of 1st period - Slapshot by Ilya Kovalchuk.
11:23 of 1st period - Stopped by Maxime Daigneault without a rebound.
11:24 of 1st period - Vincent Lecavalier wins face-off versus Nazem Kadri in Coyotes zone.
11:35 of 1st period - Nazem Kadri is hit by Vincent Lecavalier and loses puck.
11:41 of 1st period - Off-side.
11:42 of 1st period - Brad Richards wins face-off versus Tim Connolly in neutral zone.
11:55 of 1st period - Wrist shot by Brad Richards.
11:55 of 1st period - Stopped by Robin Lehner with a rebound.
12:55 of 1st period - Icing by Michael Del Zotto.
12:56 of 1st period - Tim Connolly wins face-off versus Brad Richards in Coyotes zone.
13:23 of 1st period - Snap shot by Zach Parise.
13:23 of 1st period - Shot Blocked by Mathew Dumba.
13:25 of 1st period - Slapshot by Chris Stewart.
13:25 of 1st period - Shot Misses the Net.
13:57 of 1st period - Snap shot by Zach Parise.
13:57 of 1st period - Stopped by Robin Lehner with a rebound.
13:59 of 1st period - Slapshot by Josh Gorges.
13:59 of 1st period - Shot Misses the Net.
14:01 of 1st period - Slapshot by Brad Richards.
14:01 of 1st period - Deflect By Chris Stewart.
14:01 of 1st period - Stopped by Robin Lehner without a rebound.
14:02 of 1st period - Andrei Loktionov wins face-off versus Nazem Kadri in Golden Knights zone.
14:04 of 1st period - Minor Penalty to Andrei Loktionov for Interference.
14:05 of 1st period - Nazem Kadri wins face-off versus Tim Connolly in Golden Knights zone.
14:10 of 1st period - Snap shot by Nazem Kadri.
14:10 of 1st period - Stopped by Robin Lehner without a rebound.
14:11 of 1st period - Nazem Kadri wins face-off versus Tim Connolly in Golden Knights zone.
14:30 of 1st period - Snap shot by Michael Frolik.
14:30 of 1st period - Shot Blocked by Marian Gaborik.
14:32 of 1st period - Slapshot by Zach Bogosian.
14:32 of 1st period - Stopped by Maxime Daigneault with a rebound.
14:40 of 1st period - Wrist shot by Marian Gaborik.
14:40 of 1st period - Shot Misses the Net.
14:42 of 1st period - Snap shot by Thomas Hickey.
14:42 of 1st period - Deflect By Marian Gaborik.
14:42 of 1st period - Shot Blocked by Patrice Cormier.
14:42 of 1st period - Puck is out of play.
14:43 of 1st period - Tim Connolly wins face-off versus Brad Richards in Golden Knights zone.
15:19 of 1st period - Off-side.
15:20 of 1st period - Brad Richards wins face-off versus Patrice Cormier in neutral zone.
15:23 of 1st period - Slapshot by Matt Donovan.
15:23 of 1st period - Shot Blocked by Vladimir Mihalik.
15:25 of 1st period - Wrist shot by Zach Parise.
15:25 of 1st period - Shot Misses the Net.
15:27 of 1st period - Slapshot by Thomas Hickey.
15:27 of 1st period - Stopped by Robin Lehner without a rebound.
15:28 of 1st period - Tim Connolly wins face-off versus Zach Parise in Golden Knights zone.
15:43 of 1st period - Snap shot by Brad Richards.
15:43 of 1st period - Stopped by Robin Lehner without a rebound.
15:44 of 1st period - Tim Connolly wins face-off versus Marian Gaborik in Golden Knights zone.
16:04 of 1st period - Penalty to Andrei Loktionov is over, Andrei Loktionov is back on ice.
16:17 of 1st period - Slapshot by Zach Bogosian.
16:17 of 1st period - Deflect By Kristopher Letang.
16:17 of 1st period - Stopped by Maxime Daigneault with a rebound.
16:38 of 1st period - Wrist shot by Brad Richards.
16:38 of 1st period - Shot Misses the Net.
16:54 of 1st period - Slapshot by Michael Kostka.
16:54 of 1st period - Deflect By Scottie Upshall.
16:54 of 1st period - Deflect By Thomas Hickey.
16:54 of 1st period - Shot Blocked by Marian Gaborik.
16:54 of 1st period - Puck is out of play.
16:55 of 1st period - Patrice Cormier wins face-off versus Nick Bonino in Coyotes zone.
17:08 of 1st period - Slapshot by Kristopher Letang.
17:08 of 1st period - Shot Misses the Net.
17:10 of 1st period - Wrist shot by Marian Gaborik.
17:10 of 1st period - Stopped by Robin Lehner with a rebound.
17:12 of 1st period - Wrist shot by Marian Gaborik.
17:12 of 1st period - Shot Misses the Net.
17:22 of 1st period - Slapshot by Michael Del Zotto.
17:22 of 1st period - Deflect By Nick Bonino.
17:22 of 1st period - Stopped by Robin Lehner without a rebound.
17:23 of 1st period - Tim Connolly wins face-off versus Chris Stewart in Golden Knights zone.
17:54 of 1st period - Wrist shot by Tyler Ennis.
17:54 of 1st period - Stopped by Robin Lehner without a rebound.
17:55 of 1st period - Nazem Kadri wins face-off versus Andrei Loktionov in Golden Knights zone.
18:00 of 1st period - Wrist shot by Marian Gaborik.
18:00 of 1st period - Stopped by Robin Lehner without a rebound.
18:01 of 1st period - Nazem Kadri wins face-off versus Andrei Loktionov in Golden Knights zone.
18:06 of 1st period - Snap shot by Marian Gaborik.
18:06 of 1st period - Shot Misses the Net.
18:08 of 1st period - Snap shot by Tyler Ennis.
18:08 of 1st period - Shot Misses the Net.
19:27 of 1st period - Icing by Matt Donovan.
19:28 of 1st period - Brad Richards wins face-off versus Andrei Loktionov in Coyotes zone.
19:28 of 1st period - Brad Richards is hit by Michael Kostka.
Goals for this period are 0 for Golden Knights vs 0 for Coyotes.
Shots for this period are 16 for Golden Knights vs 12 for Coyotes.
2nd period
0:01 of 2nd period - Tim Connolly wins face-off versus Nazem Kadri in neutral zone.
0:14 of 2nd period - Wrist shot by Ilya Kovalchuk.
0:14 of 2nd period - Stopped by Maxime Daigneault without a rebound.
0:15 of 2nd period - Andrei Loktionov wins face-off versus Nazem Kadri in Coyotes zone.
0:18 of 2nd period - Slapshot by Chris Higgins.
0:18 of 2nd period - Shot Blocked by Anton Stralman.
0:20 of 2nd period - Slapshot by Zach Bogosian.
0:20 of 2nd period - Goal by Zach Bogosian - Golden Knights : 1 - Coyotes : 0.
0:21 of 2nd period - Tim Connolly wins face-off versus Nazem Kadri in neutral zone.
0:48 of 2nd period - Chris Stewart is hit by Zach Bogosian and loses puck.
0:53 of 2nd period - Slapshot by Michael Frolik.
0:53 of 2nd period - Deflect By Chris Higgins.
0:53 of 2nd period - Shot Misses the Net.
0:53 of 2nd period - Puck is out of play.
0:54 of 2nd period - Andrei Loktionov wins face-off versus Jamie Arniel in Coyotes zone.
1:01 of 2nd period - Slapshot by Michael Frolik.
1:01 of 2nd period - Stopped by Maxime Daigneault without a rebound.
1:02 of 2nd period - Andrei Loktionov wins face-off versus Jamie Arniel in Coyotes zone.
1:09 of 2nd period - Snap shot by Michael Frolik.
1:09 of 2nd period - Shot Misses the Net.
1:11 of 2nd period - Slapshot by Andrei Loktionov.
1:11 of 2nd period - Deflect By Chris Higgins.
1:11 of 2nd period - Shot Blocked by Evgeny Artyukhin.
1:11 of 2nd period - Puck is out of play.
1:12 of 2nd period - Tim Connolly wins face-off versus Tyler Ennis in Coyotes zone.
2:06 of 2nd period - Off-side.
2:07 of 2nd period - Nick Bonino wins face-off versus Vincent Lecavalier in neutral zone.
2:10 of 2nd period - Wrist shot by Marian Gaborik.
2:10 of 2nd period - Goal by Marian Gaborik - Golden Knights : 1 - Coyotes : 1.
2:11 of 2nd period - Ilya Kovalchuk wins face-off versus Nazem Kadri in neutral zone.
2:24 of 2nd period - Snap shot by Zack Kassian.
2:24 of 2nd period - Shot Misses the Net.
2:26 of 2nd period - Snap shot by Tim Connolly.
2:26 of 2nd period - Shot Blocked by Nazem Kadri.
2:38 of 2nd period - Chris Higgins is hit by Thomas Hickey and loses puck.
3:10 of 2nd period - Vladimir Mihalik is hit by Kristopher Letang and loses puck.
3:27 of 2nd period - Vladimir Mihalik is hit by Marian Gaborik and loses puck.
3:57 of 2nd period - Off-side.
3:58 of 2nd period - Brad Richards wins face-off versus Andrei Loktionov in neutral zone.
4:01 of 2nd period - Slapshot by Matt Donovan.
4:01 of 2nd period - Shot Blocked by Jared Cowen.
4:03 of 2nd period - Wrist shot by Chris Stewart.
4:03 of 2nd period - Stopped by Robin Lehner with a rebound.
4:13 of 2nd period - Wrist shot by Brad Richards.
4:13 of 2nd period - Shot Misses the Net.
4:15 of 2nd period - Slapshot by Thomas Hickey.
4:15 of 2nd period - Stopped by Robin Lehner with a rebound.
4:23 of 2nd period - Slapshot by Brad Richards.
4:23 of 2nd period - Shot Blocked by Michael Frolik.
4:25 of 2nd period - Slapshot by Matt Donovan.
4:25 of 2nd period - Stopped by Robin Lehner without a rebound.
4:26 of 2nd period - Tim Connolly wins face-off versus Nazem Kadri in Golden Knights zone.
4:26 of 2nd period - Tim Connolly is hit by Nazem Kadri.
5:05 of 2nd period - Wrist shot by Alex Tanguay.
5:05 of 2nd period - Stopped by Maxime Daigneault with a rebound.
5:33 of 2nd period - Minor Penalty to Zach Parise for Cross-checking.
5:34 of 2nd period - Tim Connolly wins face-off versus Brad Richards in Coyotes zone.
7:03 of 2nd period - Jared Cowen is hit by Nazem Kadri and loses puck.
7:16 of 2nd period - Chris Higgins is hit by Tyler Ennis and loses puck.
7:33 of 2nd period - Penalty to Zach Parise is over, Zach Parise is back on ice.
7:37 of 2nd period - Wrist shot by Alex Tanguay.
7:37 of 2nd period - Stopped by Maxime Daigneault with a rebound.
7:39 of 2nd period - Wrist shot by Alex Tanguay.
7:39 of 2nd period - Shot Blocked by Andrew MacDonald.
7:41 of 2nd period - Snap shot by Brandon Bollig.
7:41 of 2nd period - Stopped by Maxime Daigneault without a rebound.
7:42 of 2nd period - Alex Tanguay wins face-off versus Jamie Arniel in Coyotes zone.
9:15 of 2nd period - Snap shot by Evgeny Artyukhin.
9:15 of 2nd period - Stopped by Robin Lehner with a rebound.
9:25 of 2nd period - Evgeny Artyukhin is hit by Alex Tanguay and loses puck.
9:30 of 2nd period - Snap shot by Alex Tanguay.
9:30 of 2nd period - Stopped by Maxime Daigneault without a rebound.
9:31 of 2nd period - Tim Connolly wins face-off versus Nazem Kadri in Coyotes zone.
9:46 of 2nd period - Wrist shot by Tyler Ennis.
9:46 of 2nd period - Shot Misses the Net.
10:37 of 2nd period - Jared Cowen is hit by Matt Donovan.
12:48 of 2nd period - Icing by Anton Stralman.
12:49 of 2nd period - Andrei Loktionov wins face-off versus Nick Bonino in Coyotes zone.
13:42 of 2nd period - Michael Del Zotto is hit by Patrice Cormier and loses puck.
13:55 of 2nd period - Wrist shot by Zack Kassian.
13:55 of 2nd period - Stopped by Maxime Daigneault without a rebound.
13:56 of 2nd period - Nazem Kadri wins face-off versus Zack Kassian in Coyotes zone.
13:58 of 2nd period - Minor Penalty to Tyler Ennis for Holding.
13:59 of 2nd period - Tim Connolly wins face-off versus Brad Richards in Coyotes zone.
15:58 of 2nd period - Penalty to Tyler Ennis is over, Tyler Ennis is back on ice.
16:09 of 2nd period - Snap shot by Tyler Ennis.
16:09 of 2nd period - Shot Misses the Net.
16:11 of 2nd period - Slapshot by Josh Gorges.
16:11 of 2nd period - Stopped by Robin Lehner with a rebound.
16:13 of 2nd period - Wrist shot by Ramzi Abid.
16:13 of 2nd period - Goal by Ramzi Abid - Golden Knights : 1 - Coyotes : 2.
16:14 of 2nd period - Vincent Lecavalier wins face-off versus Nazem Kadri in neutral zone.
16:26 of 2nd period - Michael Kostka is hit by Nazem Kadri and loses puck.
17:07 of 2nd period - Slapshot by Chris Stewart.
17:07 of 2nd period - Stopped by Robin Lehner without a rebound.
17:08 of 2nd period - Tim Connolly wins face-off versus Nazem Kadri in Golden Knights zone.
17:17 of 2nd period - Snap shot by Ilya Kovalchuk.
17:17 of 2nd period - Stopped by Maxime Daigneault with a rebound.
17:41 of 2nd period - Tyler Ennis is hit by Ilya Kovalchuk and loses puck.
18:22 of 2nd period - Slapshot by Zack Kassian.
18:22 of 2nd period - Shot Misses the Net.
18:34 of 2nd period - Slapshot by Marian Gaborik.
18:34 of 2nd period - Stopped by Robin Lehner with a rebound.
18:36 of 2nd period - Slapshot by Michael Del Zotto.
18:36 of 2nd period - Shot Misses the Net.
18:48 of 2nd period - Snap shot by Marian Gaborik.
18:48 of 2nd period - Stopped by Robin Lehner without a rebound.
18:49 of 2nd period - Vincent Lecavalier wins face-off versus Brad Richards in Golden Knights zone.
18:51 of 2nd period - Minor Penalty to Alex Tanguay for Hooking.
18:52 of 2nd period - Brad Richards wins face-off versus Patrice Cormier in Golden Knights zone.
19:18 of 2nd period - Matt Donovan is hit by Vladimir Mihalik and loses puck.
19:25 of 2nd period - Slapshot by Zach Bogosian.
19:25 of 2nd period - Stopped by Maxime Daigneault without a rebound.
19:26 of 2nd period - Tim Connolly wins face-off versus Brad Richards in Coyotes zone.
19:48 of 2nd period - Patrice Cormier is hit by Matt Donovan and loses puck.
Goals for this period are 1 for Golden Knights vs 2 for Coyotes.
Shots for this period are 10 for Golden Knights vs 10 for Coyotes.
3rd period
0:01 of 3rd period - Tim Connolly wins face-off versus Nazem Kadri in neutral zone.
0:16 of 3rd period - Wrist shot by Marian Gaborik.
0:16 of 3rd period - Shot Misses the Net.
0:36 of 3rd period - Tim Connolly is hit by Zach Parise and loses puck.
0:51 of 3rd period - Penalty to Alex Tanguay is over, Alex Tanguay is back on ice.
2:01 of 3rd period - Matt Donovan is hit by Mathew Dumba and loses puck.
2:14 of 3rd period - Jamie Arniel is hit by Mathew Dumba and loses puck.
3:51 of 3rd period - Slapshot by Andrei Loktionov.
3:51 of 3rd period - Stopped by Maxime Daigneault with a rebound.
3:53 of 3rd period - Snap shot by Chris Higgins.
3:53 of 3rd period - Goal by Chris Higgins - Golden Knights : 2 - Coyotes : 2.
3:54 of 3rd period - Tim Connolly wins face-off versus Nazem Kadri in neutral zone.
4:49 of 3rd period - Wrist shot by Ramzi Abid.
4:49 of 3rd period - Stopped by Robin Lehner without a rebound.
4:50 of 3rd period - Nazem Kadri wins face-off versus Tim Connolly in Golden Knights zone.
5:39 of 3rd period - Anton Stralman is hit by Andrei Loktionov.
6:04 of 3rd period - Slapshot by Ilya Kovalchuk.
6:04 of 3rd period - Deflect By Evgeny Artyukhin.
6:04 of 3rd period - Stopped by Maxime Daigneault without a rebound.
6:05 of 3rd period - Jamie Arniel wins face-off versus Tim Connolly in Coyotes zone.
7:15 of 3rd period - Wrist shot by Zach Bogosian.
7:15 of 3rd period - Stopped by Maxime Daigneault with a rebound.
7:17 of 3rd period - Slapshot by Zach Bogosian.
7:17 of 3rd period - Shot Blocked by Evgeny Artyukhin.
8:14 of 3rd period - Slapshot by Zack Kassian.
8:14 of 3rd period - Stopped by Maxime Daigneault with a rebound.
8:16 of 3rd period - Slapshot by Jared Cowen.
8:16 of 3rd period - Stopped by Maxime Daigneault without a rebound.
8:17 of 3rd period - Nazem Kadri wins face-off versus Andrei Loktionov in Coyotes zone.
8:25 of 3rd period - Off-side.
8:26 of 3rd period - Andrei Loktionov wins face-off versus Nazem Kadri in neutral zone.
8:58 of 3rd period - Slapshot by Marian Gaborik.
8:58 of 3rd period - Stopped by Robin Lehner with a rebound.
9:00 of 3rd period - Slapshot by Kristopher Letang.
9:00 of 3rd period - Stopped by Robin Lehner without a rebound.
9:01 of 3rd period - Brad Richards wins face-off versus Vincent Lecavalier in Golden Knights zone.
9:12 of 3rd period - Slapshot by Vladimir Mihalik.
9:12 of 3rd period - Shot Blocked by Brad Richards.
9:14 of 3rd period - Snap shot by Brad Richardson.
9:14 of 3rd period - Shot Misses the Net.
9:38 of 3rd period - Wrist shot by Patrice Cormier.
9:38 of 3rd period - Stopped by Maxime Daigneault with a rebound.
12:36 of 3rd period - Icing by Vincent Lecavalier.
12:37 of 3rd period - Jamie Arniel wins face-off versus Vincent Lecavalier in Golden Knights zone.
13:03 of 3rd period - Wrist shot by Zack Kassian.
13:03 of 3rd period - Shot Misses the Net.
13:05 of 3rd period - Backhand shot by Jakub Kindl.
13:05 of 3rd period - Stopped by Maxime Daigneault with a rebound.
13:07 of 3rd period - Slapshot by Jakub Kindl.
13:07 of 3rd period - Shot Misses the Net.
13:09 of 3rd period - Slapshot by Vladimir Mihalik.
13:09 of 3rd period - Shot Blocked by Marian Gaborik.
13:27 of 3rd period - Snap shot by Michael Frolik.
13:27 of 3rd period - Shot Hit the Post.
13:45 of 3rd period - Slapshot by Ramzi Abid.
13:45 of 3rd period - Stopped by Robin Lehner without a rebound.
13:46 of 3rd period - Tim Connolly wins face-off versus Jamie Arniel in Golden Knights zone.
13:57 of 3rd period - Snap shot by Ilya Kovalchuk.
13:57 of 3rd period - Shot Misses the Net.
14:16 of 3rd period - Nazem Kadri is hit by Andrei Loktionov and loses puck.
14:35 of 3rd period - Brad Richards is hit by Alex Tanguay and loses puck.
15:12 of 3rd period - Snap shot by Scottie Upshall.
15:12 of 3rd period - Shot Blocked by Andrew MacDonald.
15:14 of 3rd period - Wrist shot by Brandon Bollig.
15:14 of 3rd period - Stopped by Maxime Daigneault without a rebound.
15:15 of 3rd period - Patrice Cormier wins face-off versus Marian Gaborik in Coyotes zone.
15:24 of 3rd period - Snap shot by Patrice Cormier.
15:24 of 3rd period - Stopped by Maxime Daigneault with a rebound.
15:48 of 3rd period - Snap shot by Kristopher Letang.
15:48 of 3rd period - Stopped by Robin Lehner with a rebound.
16:11 of 3rd period - Minor Penalty to Mathew Dumba for Hooking.
16:12 of 3rd period - Nazem Kadri wins face-off versus Tim Connolly in Golden Knights zone.
16:25 of 3rd period - Snap shot by Tyler Ennis.
16:25 of 3rd period - Stopped by Robin Lehner with a rebound.
16:29 of 3rd period - Slapshot by Marian Gaborik.
16:29 of 3rd period - Goal by Marian Gaborik - Golden Knights : 2 - Coyotes : 3.
16:30 of 3rd period - Nazem Kadri wins face-off versus Vincent Lecavalier in neutral zone.
16:33 of 3rd period - Wrist shot by Marian Gaborik.
16:33 of 3rd period - Stopped by Robin Lehner with a rebound.
16:35 of 3rd period - Snap shot by Anton Stralman.
16:35 of 3rd period - Shot Blocked by Vincent Lecavalier.
16:37 of 3rd period - Snap shot by Marian Gaborik.
16:37 of 3rd period - Shot Blocked by Jared Cowen.
16:39 of 3rd period - Slapshot by Kristopher Letang.
16:39 of 3rd period - Shot Blocked by Zach Bogosian.
16:41 of 3rd period - Slapshot by Anton Stralman.
16:41 of 3rd period - Deflect By Zach Bogosian.
16:41 of 3rd period - Stopped by Robin Lehner with a rebound.
17:02 of 3rd period - Snap shot by Zach Bogosian.
17:02 of 3rd period - Shot Misses the Net.
17:36 of 3rd period - Minor Penalty to Matt Donovan for Hooking.
17:37 of 3rd period - Brad Richards wins face-off versus Tim Connolly in Coyotes zone.
17:45 of 3rd period - Icing by Vladimir Mihalik.
17:46 of 3rd period - Tim Connolly wins face-off versus Brad Richards in Golden Knights zone.
18:11 of 3rd period - Josh Gorges is hit by Chris Higgins and loses puck.
19:35 of 3rd period - Jared Cowen is hit by Anton Stralman and loses puck.
19:36 of 3rd period - Penalty to Matt Donovan is over, Matt Donovan is back on ice.
19:48 of 3rd period - Snap shot by Tyler Ennis.
19:48 of 3rd period - Stopped by Robin Lehner with a rebound.
Goals for this period are 1 for Golden Knights vs 1 for Coyotes.
Shots for this period are 10 for Golden Knights vs 10 for Coyotes.
Back to the Top